 Dungeon Crawl Stone Soup version 0.30-a0-358-g0d69a1922f (webtiles) character file.

Game seed: 12108377835190069508

3781 kae the Transmogrifier (level 9, -3/84 HPs)
             Began as a Red Draconian Transmuter on Nov 8, 2022.
             Slain by a warg (7 damage)
             ... on level 8 of the Dungeon.
             The game lasted 00:09:15 (8540 turns).

kae the Transmogrifier (Red Draconian Transmuter)   Turns: 8540, Time: 00:09:15

Health: -3/84      AC:  8    Str: 12    XL:     9   Next: 95%
Magic:  15/17      EV: 10    Int: 19    God:
Gold:   377        SH:  0    Dex: 11    Spells: 8/18 levels left

rFire   x . .      SeeInvis .      - Unarmed
rCold   + + +      Faith    .    (shield currently unavailable)
rNeg    . . .      Spirit   .    (body armour unavailable)
rPois   +          Reflect  .    (helmet currently unavailable)
rElec   .          Harm     .    (cloak currently unavailable)
rCorr   .          Rampage  .    (gloves currently unavailable)
Will    .....                    (boots currently unavailable)
Stlth   +.........               (no amulet)
HPRegen 0.34/turn                P - ring of poison resistance
MPRegen 0.15/turn                (no ring)

@: ice-form
A: freezing attack, amphibious, boosted hp, (breathe fire), AC +7, large,
unfitting armour, (fire resistance 1), (cold-blooded)
a: End Transformation


You were on level 8 of the Dungeon.
You were a creature of crystalline ice.
You visited 2 branches of the dungeon, and saw 9 of its levels.
You also visited: Sewer and Bailey.

You collected 377 gold pieces.


Innate Abilities, Weirdness & Mutations

You are a creature of crystalline ice.
You have a powerful freezing melee attack.
You are amphibious.
Your maximum health is increased.
Your armour is entirely melded.
You are incapable of wielding weapons or throwing items.
((You can breathe blasts of fire.))
((Your fiery red scales are hard. (AC +7)))
You cannot fit into any form of body armour.
((Your flesh is heat resistant. (rF+)))
((You are cold-blooded and may be slowed by cold attacks.))


   Skills:
 + Level 3.5 Fighting
 + Level 3.3 Dodging
 * Level 7.1 Unarmed Combat
 + Level 5.4 Spellcasting
 * Level 8.2 Transmutations
 - Level 5.0 Ice Magic
 - Level 3.0 Poison Magic


You had 8 spell levels left.
You knew the following spells:

 Your Spells              Type           Power      Damage    Failure   Level
a - Beastly Appendage     Tmut           72%        N/A       1%          1
b - Wereblood             Tmut           36%        N/A       1%          2
c - Spider Form           Tmut/Pois      26%        N/A       3%          3
d - Ice Form              Ice/Tmut       30%        N/A       8%          4

Your spell library contained the following spells:

 Spells                   Type           Power      Damage    Failure   Level
 Freeze                   Ice            96%        1d10      1%          1
 Static Discharge         Conj/Air       10%        2-3/arc   19%         2
 Call Canine Familiar     Summ           5%         N/A       34%         3
 Portal Projectile        Hex/Tloc       10%        N/A       34%         3
 Vhi's Electric Charge    Tloc/Air       10%        N/A       34%         3
 Fulminant Prism          Conj/Hex       2%         3d5       75%         4
 Leda's Liquefaction      Hex/Erth       2%         N/A       75%         4
 Arcjolt                  Conj/Air       2%         1d12      97%         5
 Lightning Bolt           Conj/Air       2%         1d14      97%         5
 Malign Gateway           Summ/Tloc      2%         N/A       100%        7
 Orb of Destruction       Conj           2%         9d5       100%        7
 Ozocubu's Refrigeration  Ice            12%        4d10      100%        7
 Summon Horrible Things   Summ           2%         N/A       100%        8

Inventory:

Hand Weapons
 k - the +2 trident "Nimus" {holy, Contam rF+ rC++ MP+9}
   (You found it on level 5 of the Dungeon)

   It has been blessed by the Shining One to cause great damage to the undead
   and demons.
   rF:        It protects you from fire.
   rC:        It greatly protects you from cold.
   MP:        It affects your magic capacity (+9).
   Contam:    It causes magical contamination when unequipped.
Missiles
 e - 15 poisoned darts
 h - 37 stones
 q - 5 boomerangs
 s - a throwing net {=f!f}
Magical Staves
 d - a staff of fire {!a}
   (You found it on level 1 of the Dungeon)
 o - a staff of conjuration {!a}
   (You found it on level 3 of the Dungeon)
Jewellery
 O - a +4 ring of protection
   (You found it on level 7 of the Dungeon)
 P - a ring of poison resistance (left front paw)
   (You found it on level 2 of the Dungeon)
 T - an amulet of faith {!P}
   (You found it on level 7 of the Dungeon)
Wands
 j - a wand of roots (7)
   (You found it on level 2 of the Dungeon)
 n - a wand of charming (8)
   (You found it on level 7 of the Dungeon)
 z - a wand of mindburst (8)
   (You found it on level 7 of the Dungeon)
Scrolls
 f - a scroll of immolation {!r!r}
 i - a scroll of teleportation {@r4}
 p - 2 scrolls of silence {!r}
 u - a scroll of blinking {!r}
 y - a scroll of identify {@r1}
 B - a scroll of fear {unknown}
 C - a scroll of butterflies {unknown}
Potions
 a - 5 potions of lignification {!q}
 b - 2 potions of haste {@q3}
 c - 3 potions of flight
 g - a potion of resistance
 l - a potion of mutation {!q}
 m - 6 potions of invisibility
 r - 5 potions of curing {@q1}
 t - 2 potions of might
 v - 3 potions of magic
 w - a potion of brilliance
 x - 2 potions of heal wounds {@q2}
 A - a potion of ambrosia {unknown}

Dungeon Overview and Level Annotations

Branches:
Dungeon (8/15) Zot: 26522  Temple (1/1) D:5 Zot: 5888   Sewer (visited)
 Bailey (visited)
   Lair: D:8-11

Altars:
Cheibriados
Dithmenos
Elyvilon
Fedhas
Hepliaklqana
Kikubaaqudgha
Nemelex Xobeh
Okawaru
Qazlal
Sif Muna
Trog
Vehumet
Wu Jian
Xom
Yredelemnul
Zin
The Shining One

Shops:
D:3 =

Portals:
Abyss: D:3

Annotations:
D:3 2 transporters, HoaS's ghost, amateur KoHu
D:5 2 transporters, ouz's ghost, novice DECj

.#.# ######.................#....
.#.########..........#.....##<...
.#........#..........#.###.##....
.#...####.#.............##.##....
#...# #.#.#######.##..##.##....
##..## #.#.# #.##..##.##....
#...###.#.# #.....##.##....
#.#.....#.#######..##.##.##....
#.####........Yho..#...#.##....
###.####..#.#####h.............#.
............# ##..o.).....####..
......#####.## #...#..)....# ...
..... #..###..##..†....#... ....
##.##...##........... ...
#..#.#.##..........o ..
##.#.#.##........... .
#..>..##.......#...


You could see 2 wargs, an orc wizard and an orc.


Message History

😕 HP[+2]
You regained 2 hp, and now have 65/84 hp.
You swing at nothing.
You swing at nothing.
No target in view!
No target in view!
You howl as the wereblood boils in your veins!
Your primal bloodlust is almost over.
Your transformation is almost over.
You howl as the wereblood boils in your veins!
Your primal bloodlust has ended.
You warm up again.
You see here a killer bee corpse.
Key pressed, stopping explore.
You see here a +2 trident of flaming. 😎 HP[+5] MP[+4]
You now have 70 max hp (-14).
Your hp is fully restored (70).
Your mp is fully restored (17).
Key pressed, stopping explore.
Unknown command.
Found a stone staircase leading down.
An orc wizard and an orc priest come into view.
The orc priest shouts!
You hear a shout!
There are monsters nearby!
There are monsters nearby!
There are monsters nearby!
Aiming: Breathe Fire (4% risk of failure)
Press: ? - help, Shift-Dir - straight line, f - you That beam is likely to hit you.
Continue anyway?
Okay, then.
You start waiting.
An orc priest is nearby!
Aiming: Breathe Fire (4% risk of failure)
Press: ? - help, Shift-Dir - straight line, f - orc priest
Aim: an orc priest, wielding a +0 dagger (68% to hit)
You breathe a blast of fire.
The fiery breath hits the orc priest!
You kill the orc priest!
Unknown command.
Casting: Wereblood (safe; 1% risk of failure)
Confirm with . or Enter, or press ? or * to list all spells.
You turn into a creature of crystalline ice. 😎 HP[+14] MP[-4]
You now have 84 max hp (+14).
Your hp is fully restored (84).
You lost 4 mp, and now have 13/17 mp.
A warg and an orc come into view.
An orc comes into view. It is wielding a +4 spear.
A warg comes into view.
The warg howls!
The warg barely misses you.
The orc shouts!
You hit the warg. You freeze the warg. The warg bites you!
The orc barely misses you. 😕 HP[-7]
You take 7 damage, and now have 77/84 hp.
You hit the warg. You freeze the warg. The warg bites you!
A warg comes into view.
The warg howls!
You hit the warg but do no damage.
You hear a shout!
The orc closely misses you. The warg bites you. 😮 HP[-18] MP[+1]
You take 18 damage, and now have 59/84 hp.
MASSIVE DAMAGE!! (PAUSE)
You punch the orc! You freeze the orc.
You kill the orc!
The warg barely misses you.
You hit the warg. You freeze the warg. The warg misses you.
You hit the warg but do no damage. The warg closely misses you.
The warg bites you. x3 😮 HP[-8]
You take 8 damage, and now have 51/84 hp.
You punch the warg! You freeze the warg.
You kill the warg!
The orc hits you from afar with a +4 spear.
The warg bites you!
* * * LOW HITPOINT WARNING * * *
😨 HP[-14]
You take 14 damage, and now have 37/84 hp.
Unknown command.
The warg attacks as you move away! The warg bites you!
* * * LOW HITPOINT WARNING * * *
😨 HP[-10]
You take 10 damage, and now have 27/84 hp.
The warg attacks as you move away!
The warg bites you but does no damage. 😨 HP[+1] MP[+1] Unknown command.
The warg bites you!
* * * LOW HITPOINT WARNING * * *
😱 HP[-14]
You take 14 damage, and now have 14/84 hp.
The warg attacks as you move away! The warg bites you!
* * * LOW HITPOINT WARNING * * *
The warg bites you.
* * * LOW HITPOINT WARNING * * *
😱 HP[-11]
You take 11 damage, and now have 3/84 hp.
You have got your breath back. 😱 HP[+1]
The warg attacks as you move away! The warg bites you!
You die...

Skill      XL: |  1  2  3  4  5  6  7  8  9 |
---------------+----------------------------+-----
Transmutations | 3 4 5 7 8 |  8.2
Poison Magic   | 1 2 3 |  3.0
Unarmed Combat | 4 5 7 |  7.1
Spellcasting   | 3 4 5 |  5.4
Ice Magic      | 1 3 4 5 |  5.0
Dodging        | 2 3 |  3.3
Fighting       | 3 |  3.5

Action                   |  1- 3 |  4- 6 |  7- 9 || total
-------------------------+-------+-------+-------++-------
Melee: Unarmed           |    82 |   139 |   285 ||   506
       Kick              |    13 |    10 |       ||    23
       Punch             |     1 |     1 |       ||     2
       Tailslap          |     8 |     6 |     7 ||    21
       Headbutt          |     4 |     7 |       ||    11
 Cast: Beastly Appendage |    19 |     8 |       ||    27
       Spider Form       |       |    12 |     7 ||    19
       Wereblood         |       |     2 |     4 ||     6
       Ice Form          |       |     1 |    31 ||    32
 Abil: Breathe Fire      |       |       |    10 ||    10
       End Transformatio |       |       |     1 ||     1
Evoke: Wand              |       |       |     2 ||     2
  Use: Scroll            |       |    11 |     9 ||    20
 Stab: Sleeping          |       |     1 |     3 ||     4
Armor: Skin              |    33 |    26 |    71 ||   130
Dodge: Dodged            |    64 |    97 |   171 ||   332

Levels and vault maps discovered:
D:1:      minmay_arrival_stone_box, layout_basic
D:2:      minmay_spotlight, layout_basic, shapermc_ecumenical_altar_pompeii
D:3:      layout_loops_ring, gammafunk_ghost_abyssal_escape, serial_shops, shop
D:4:      layout_cave_pools, serial_shops, kennysheep_mini_moat
D:5:      layout_basic, minmay_temple_entry_fiery, portal_sewer_entry_f,
          gammafunk_ghost_arena
D:6:      layout_loops_ring, chequers_temple_overflow_statue_of_worship,
          uniq_blork_the_orc, uniq_edmund
D:7:      layout_loops_ring, enter_bailey_7
D:8:      layout_basic, mainiacjoe_overflow_alcove_2,
          grunt_temple_overflow_open, erik_lair_orcish_takeover
Temple:   compressed_dpeg_circular_temple

Notes
Turn   | Place    | Note
-------+----------+-------------------------------------------
     0 | D:1      | kae the Draconian Transmuter began the quest for the Orb.
     0 | D:1      | Reached XP level 1. HP: 16/16 MP: 3/3
     0 | D:1      | magus.rc [v1.11.3]
   312 | D:1      | Reached XP level 2. HP: 23/23 MP: 5/5
   803 | D:2      | Learned a level 2 spell: Wereblood
   922 | D:2      | Reached XP level 3. HP: 28/28 MP: 6/6
   926 | D:2      | Learned a level 3 spell: Spider Form
  1105 | D:2      | Reached skill level 3 in Transmutations
  1339 | D:2      | Found a faded altar of an unknown god.
  1711 | D:3      | Reached skill level 1 in Poison Magic
  1744 | D:3      | Reached XP level 4. HP: 35/35 MP: 4/7
  1805 | D:3      | Noticed a kobold brigand
  1808 | D:3      | Found a transporter.
  1811 | D:3      | Found a transporter.
  1817 | D:3      | Found Moxusk's Jewellery Shop.
  1852 | D:3      | Noticed HoaS's ghost (amateur KoHu)
  1870 | D:3      | Found a one-way gate to the infinite horrors of the Abyss.
  1876 | D:3      | Noticed a toenail golem
  2211 | D:3      | You pick up a book of Lightning and begin reading...
  2211 | D:3      | You add the spells Static Discharge, Vhi's Electric Charge,
                  | Lightning Bolt and Arcjolt to your library.
  2531 | D:3      | Reached XP level 5. HP: 40/40 MP: 5/9
  2606 | D:3      | You pick up a book of the Hunter and begin reading...
  2606 | D:3      | You add the spells Call Canine Familiar, Portal Projectile
                  | and Leda's Liquefaction to your library.
  2746 | D:4      | Reached skill level 2 in Poison Magic
  2861 | D:4      | Reached skill level 4 in Transmutations
  2883 | D:4      | Noticed an ogre
  2891 | D:4      | Killed an ogre
  2892 | D:4      | Reached skill level 4 in Unarmed Combat
  2892 | D:4      | Reached skill level 3 in Spellcasting
  2892 | D:4      | Reached XP level 6. HP: 47/47 MP: 6/10
  2898 | D:4      | Reached skill level 3 in Poison Magic
  2913 | D:4      | Learned a level 4 spell: Ice Form
  3232 | D:4      | Found Tomak's Distillery.
  3242 | D:4      | HP: 8/47 [white imp/puff of frost (10)]
  3244 | D:4      | Reached skill level 1 in Ice Magic
  3400 | D:4      | You add the spells Malign Gateway and Summon Horrible
                  | Things to your library.
  3529 | D:5      | Entered Level 5 of the Dungeon
  3535 | D:5      | HP: 5/47 [acid (7)]
  3561 | D:5      | HP: 7/47 [/a scroll of torment (4)]
  3625 | D:5      | Found a glowing drain.
  3642 | Sewer    | Entered a sewer
  3694 | Sewer    | Noticed Pargi
  3704 | Sewer    | Killed Pargi
  3705 | Sewer    | Reached skill level 2 in Ice Magic
  3705 | Sewer    | Your scales start taking on a fiery red colour.
  3705 | Sewer    | Reduced skill Ice Magic to level 1
  3705 | Sewer    | Reached XP level 7. HP: 52/52 MP: 6/12
  3705 | Sewer    | Gained mutation: Your flesh is heat resistant. (rF+) [Red
                  | Draconian growth]
  3792 | D:5      | Noticed a hornet
  3793 | D:5      | Found a transporter.
  3796 | D:5      | Noticed ouz's ghost (novice DECj)
  3798 | D:5      | Noticed a vampire
  3804 | D:5      | Reached skill level 5 in Transmutations
  3819 | D:5      | Found a transporter.
  3881 | D:5      | Identified the +2 trident "Nimus" {holy, Contam rF+ rC++
                  | MP+9}
  3950 | D:5      | Reached skill level 2 in Ice Magic
  4400 | D:5      | Found a staircase to the Ecumenical Temple.
  4410 | Temple   | Entered the Ecumenical Temple
  4666 | D:6      | Reached skill level 4 in Spellcasting
  4666 | D:6      | Reached skill level 3 in Ice Magic
  4666 | D:6      | Reached XP level 8. HP: 56/59 MP: 8/14
  4713 | D:6      | Noticed Edmund
  4726 | D:6      | Reached skill level 5 in Unarmed Combat
  4726 | D:6      | Reached skill level 6 in Transmutations
  4743 | D:6      | Killed Edmund
  4797 | D:6      | You pick up a book of Lightning and begin reading...
  5237 | D:6      | Reached skill level 4 in Ice Magic
  5504 | D:6      | Reached skill level 7 in Transmutations
  5679 | D:6      | Noticed Blork the orc
  5684 | D:6      | Killed Blork the orc
  5685 | D:6      | Reached skill level 2 in Dodging
  5749 | D:6      | Found a sparkling altar of Nemelex Xobeh.
  5751 | D:6      | Found a bloodstained altar of Trog.
  5751 | D:6      | Found a blossoming altar of Fedhas.
  5868 | D:7      | Found a flagged portal.
  5891 | Bailey   | Entered a bailey
  5998 | Bailey   | Reached XP level 9. HP: 47/57 MP: 13/16
  6889 | Bailey   | Noticed an orc knight
  6912 | Bailey   | Killed an orc knight
  6913 | Bailey   | Reached skill level 2 in Fighting
  6913 | Bailey   | Reached skill level 6 in Unarmed Combat
  7449 | D:7      | You add the spells Freeze, Fulminant Prism, Orb of
                  | Destruction and Ozocubu's Refrigeration to your library.
  7449 | D:7      | Got the Compilation of the Last Continents
  7751 | D:7      | Reached skill level 5 in Spellcasting
  7751 | D:7      | Reached skill level 5 in Ice Magic
  8121 | D:8      | Reached skill level 3 in Fighting
  8121 | D:8      | Reached skill level 3 in Dodging
  8194 | D:8      | Reached skill level 8 in Transmutations
  8348 | D:8      | Reached skill level 7 in Unarmed Combat
  8537 | D:8      | HP: 14/84 [warg (14)]
  8538 | D:8      | HP: 3/84 [warg (4)]
  8540 | D:8      | Slain by a warg

Vanquished Creatures
  An orc knight (Bailey)
  A steam dragon (D:7)
  A warg (D:8)
  Edmund (D:6)
  2 water moccasins
  An orc warrior (D:5)
  Pargi (Sewer)
  An ice beast (D:6)
  A sky beast (D:7)
  A black bear (D:5)
  An ogre (D:4)
  A centaur (D:5)
  A kobold brigand (D:6)
  A phantom (D:6)
  3 necrophages
  Blork the orc (D:6)
  4 bullfrogs
  2 scorpions
  4 wights (D:7)
  6 killer bees (D:8)
  4 hounds
  A jelly (D:5)
  A gnoll bouda (D:6)
  2 orc priests
  8 iguanas
  24 gnolls
  6 adders
  3 white imps
  An ufetubus (D:4)
  3 dart slugs
  18 orcs
  9 bats
  5 endoplasms
  4 giant cockroaches
  7 goblins
  6 hobgoblins
  11 kobolds
  5 quokkas
  3 ball pythons
  A frilled lizard (D:1)
  3 rats
160 creatures vanquished.

Table legend:
 A = Non-vault XP
 B = Vault XP
 C = Vault XP percentage of total XP
 D = Non-vault monster count
 E = Vault monster count
 F = Vault count percentage of total count
                 A         B        C        D         E       F
            +---------+---------+-------+---------+---------+-------
      Total |    3866 |    1536 |  28.4 |     114 |      46 |  28.8
            +---------+---------+-------+---------+---------+-------
        D:1 |      20 |       0 |   0.0 |      12 |       0 |   0.0
        D:2 |      48 |      19 |  28.4 |      14 |       4 |  22.2
        D:3 |     118 |       0 |   0.0 |      12 |       0 |   0.0
        D:4 |     418 |       0 |   0.0 |      21 |       0 |   0.0
        D:5 |     758 |       8 |   1.0 |      10 |       4 |  28.6
        D:6 |     935 |     256 |  21.5 |      25 |       2 |   7.4
        D:7 |     840 |      45 |   5.1 |      10 |       4 |  28.6
        D:8 |     729 |     206 |  22.0 |      10 |       2 |  16.7
      Sewer |       0 |     138 | 100.0 |       0 |       4 | 100.0
     Bailey |       0 |     864 | 100.0 |       0 |      26 | 100.0
            +---------+---------+-------+---------+---------+-------

Illustrated notes

Table legend:
 A = Kills in this place as a percentage of kills in entire the game.
 B = Kills by you in this place as a percentage of kills by you in the entire game.
 C = Kills by friends in this place as a percentage of kills by friends in the entire game.
 D = Other kills in this place as a percentage of other kills in the entire game.
 E = Experience gained in this place as a percentage of experience gained in the entire game.
 F = Experience gained in this place divided by the number of levels of this place that you have seen.
                   A       B       C       D       E      F
               +-------+-------+-------+-------+-------+----------------------
         Total | 100.0 | 100.0 |   N/A |   N/A | 100.0 | 491.1
       Dungeon |  81.2 |  81.2 |   N/A |   N/A |  81.5 | 550.0
         Sewer |   2.5 |   2.5 |   N/A |   N/A |   2.6 | 138.0
        Bailey |  16.2 |  16.2 |   N/A |   N/A |  16.0 | 864.0
               +-------+-------+-------+-------+-------+----------------------

Table legend: (Time is in decaauts)
 A = Elapsed time spent in this place.
 B = Non-inter-level travel time spent in this place.
 C = Inter-level travel time spent in this place.
 D = Time resting spent in this place.
 E = Time spent auto-exploring this place.
 F = Levels seen in this place.
 G = Mean time per level.
                   A        B        C        D        E       F      G
               +--------+--------+--------+--------+--------+-----+--------+
         Total |   8501 |   8322 |    179 |    672 |   6223 |  11 |  772.8 |
       Dungeon |   6976 |   6807 |    169 |    248 |   5460 |   8 |  872.0 |
        Temple |    111 |    101 |     10 |      0 |     88 |   1 |  111.0 |
         Sewer |    139 |    139 |      0 |     27 |     71 |   1 |  139.0 |
        Bailey |   1274 |   1274 |      0 |    397 |    604 |   1 | 1274.0 |
               +--------+--------+--------+--------+--------+-----+--------+

Top non-repeatable levels by time:
  Bailey: 1274 daAuts
     D:6: 1057 daAuts
     D:5: 978 daAuts
     D:2: 975 daAuts
     D:4: 915 daAuts
     D:7: 912 daAuts
     D:3: 860 daAuts
     D:1: 798 daAuts
     D:8: 478 daAuts
   Sewer: 139 daAuts
  Temple: 111 daAuts
